 Dungeon Crawl Stone Soup version 0.28.0 (webtiles) character file.

Game seed: 10404838922473981632

125 MacCMillion the Ruffian (level 4, -1/45 HPs)
             Began as a Troll Monk on Feb 18, 2022.
             Slain by Blork the orc (6 damage)
             ... on level 4 of the Dungeon.
             The game lasted 00:01:59 (2071 turns).

MacCMillion the Ruffian (Troll Monk)                Turns: 2071, Time: 00:01:59

Health: -1/45      AC:  4    Str: 21    XL:     4   Next: 82%
Magic:  3/3        EV: 25    Int:  6    God:
Gold:   199        SH:  0    Dex: 12    Spells: 3/3 levels left

rFire   . . .      SeeInvis .     - Unarmed
rCold   . . .      Faith    .   (no shield)
rNeg    . . .      Spirit   .   a - +0 robe
rPois   .          Reflect  .   (helmet restricted)
rElec   .          Harm     .   (no cloak)
rCorr   .          Rampage  .   (gloves unavailable)
Will    .....                   (boots unavailable)
Stlth   ++........              n - amulet of the acrobat
HPRegen 0.95/turn               (no ring)
MPRegen 0.08/turn               (no ring)

@: acrobatic
A: large, unfitting armour, claws 3, regeneration 1, shaggy fur 1, tough skin 1
a: no special abilities


You were on level 4 of the Dungeon.
You visited 1 branch of the dungeon, and saw 4 of its levels.

You collected 199 gold pieces.

Inventory:

Armour
 a - a +0 robe (worn)
Jewellery
 n - an amulet of the acrobat (around neck)
Scrolls
 b - 2 scrolls of identify {unknown}
 d - a scroll of teleportation {unknown}
 e - a scroll of fog {unknown}
 f - a scroll of torment {unknown}
 g - 2 scrolls of blinking {unknown}
 j - a scroll of immolation {unknown}
 k - a scroll of acquirement {unknown}
 l - a scroll of enchant weapon {unknown}
 m - a scroll of amnesia {unknown}
Potions
 c - a potion of invisibility {unknown}
 h - a potion of brilliance {unknown}
 i - a potion of curing {unknown}
 o - a potion of attraction {unknown}
 p - a potion of magic {unknown}


   Skills:
 + Level 3.1 Fighting
 - Level 3.0 Dodging
 - Level 1.0 Stealth
 * Level 4.5 Unarmed Combat


You had 3 spell levels left.
You didn't know any spells.
Your spell library contained the following spells:

 Spells                   Type           Power      Damage    Failure   Level
 Animate Skeleton         Necr           0%         N/A       45%         1
 Apportation              Tloc           0%         N/A       45%         1
 Beastly Appendage        Tmut           0%         N/A       45%         1
 Summon Small Mammal      Summ           0%         N/A       45%         1
 Blink                    Tloc           0%         N/A       58%         2
 Wereblood                Tmut           0%         N/A       58%         2
 Lesser Beckoning         Tloc           0%         N/A       83%         3
 Spider Form              Tmut/Pois      0%         N/A       83%         3
 Manifold Assault         Tloc           0%         N/A       100%        5


Dungeon Overview and Level Annotations

Branches:
Dungeon (4/15)
 Temple: D:4-7

Altars:
Ashenzari
Sif Muna
Trog
Xom
The Shining One

Annotations:
D:3 1 runed translucent door, stansietse's ghost, amateur OpTm
D:4 Blork the orc


Innate Abilities, Weirdness & Mutations

You are too large for most types of armour.
You have claws for hands.
Your natural rate of healing is unusually fast.
You are covered in fur. (AC +1)
You have tough skin. (AC +1)


Message History

Blork the orc points at you and mumbles some strange words.
The magic dart hits you.
You barely miss Blork the orc.
Blork the orc gestures at you while chanting.
The puff of flame hits you!
You barely miss Blork the orc. Your claw misses Blork the orc.
Blork the orc barely misses you.
You scratch Blork the orc.
Blork the orc is lightly wounded.
Blork the orc hits you with a +0 long sword.
You scratch Blork the orc.
Blork the orc is moderately wounded.
Blork the orc hits you with a +0 long sword!
You are too injured to fight recklessly!
You are too injured to fight recklessly!
Blork the orc gestures at you while chanting.
The magic dart hits you.
Blork the orc casts a spell.
Blork the orc seems to speed up.
Blork the orc completely misses you. Blork the orc closely misses you.
An adder skeleton comes into view.
Found a stone staircase leading down.
Blork the orc completely misses you.
The adder skeleton moves out of view.
Blork the orc gestures at you while chanting.
The magic dart hits you.
You completely miss Blork the orc.
Blork the orc is lightly wounded.
Blork the orc hits you but does no damage.
You scratch Blork the orc.
Blork the orc is moderately wounded.
Blork the orc hits you but does no damage.
Blork the orc hits you with a +0 long sword!
You claw Blork the orc!
Blork the orc is almost dead.
Blork the orc hits you with a +0 long sword!
* * * LOW HITPOINT WARNING * * *
Blork the orc screams, "I'll rip your head off!"
Blork the orc hits you with a +0 long sword.
You die...

#o##....# #.......#
#.# #.##.##.#
#.......# #.#
...###.##.##.#
#.......# #.#
..............#
###.#.########.#
.⌠.#######.####
#.###.........# #.#
###.#..######### #.#
#......###
...###.######...<....#
#...>...Z.o@......#.#
#.#####.####..)...#.#
...# #........# #.##.#
#......#.# .. ..#
#....†...# .. #.#
####.##### > #.# ...
#.# ...# #....


You could see Blork the orc (fast) and an adder skeleton.

Vanquished Creatures
  An iguana (D:4)
  A howler monkey skeleton (D:3)
  5 adders
  2 worms
  A dart slug (D:3)
  An orc (D:4)
  3 endoplasms
  A giant cockroach (D:2)
  2 goblins
  2 hobgoblins
  3 kobolds
  4 quokkas
  A ball python (D:1)
  4 bats
  3 frilled lizards
  4 rats
38 creatures vanquished.

Notes
Turn   | Place    | Note
-------+----------+-------------------------------------------
     0 | D:1      | MacCMillion the Troll Monk began the quest for the Orb.
     0 | D:1      | Reached XP level 1. HP: 22/22 MP: 0/0
   217 | D:1      | Found a faded altar of an unknown god.
   250 | D:1      | Reached XP level 2. HP: 26/29 MP: 1/1
   941 | D:2      | Reached XP level 3. HP: 36/36 MP: 2/2
  1012 | D:2      | Found a shimmering altar of Xom.
  1349 | D:3      | Found a bloodstained altar of Trog.
  1349 | D:3      | Found a shimmering blue altar of Sif Muna.
  1483 | D:3      | Reached skill level 4 in Unarmed Combat
  1525 | D:3      | Noticed stansietse's ghost (amateur OpTm)
  1610 | D:3      | Reached XP level 4. HP: 44/44 MP: 3/3
  1668 | D:3      | Found a broken altar of Ashenzari.
  1671 | D:3      | Found a glowing golden altar of the Shining One.
  1702 | D:3      | Found a runed translucent door.
  2045 | D:4      | Noticed Blork the orc
  2071 | D:4      | Slain by Blork the orc

Illustrated notes

Levels and vault maps discovered:
D:1:      onia_arrival_mini_spirals, layout_loops_ring,
          ebering_ecumenical_altar_webs, hangedman_decor_points,
          chequers_serial_rivers_room_a, minivault_14, minmay_tree_intersection,
          minmay_misc_feat_more_columns, minmay_misc_feat_tiny
D:2:      layout_loops_ring, basic_altar, minmay_cupped
D:3:      layout_basic, grunt_temple_overflow_open,
          hellmonk_ghost_happy_afterlife
D:4:      layout_loops_cross, nemelex_xobeh_ov_fountains_minmay,
          minmay_temple_entry_drinking_statues, uniq_natasha,
          uniq_blork_the_orc, uniq_robin

Skill      XL: |  1  2  3  4 |
---------------+-------------+-----
Unarmed Combat | 4 |  4.5
Fighting       | 3 |  3.1
Dodging        | 3 |  3.0
Stealth        | |  1.0

Action                   |  1- 3 |  4- 6 || total
-------------------------+-------+-------++-------
Melee: Unarmed           |    75 |    27 ||   102
       Punch             |     1 |       ||     1
 Stab: Sleeping          |     4 |     2 ||     6
Armor: Robe              |    17 |     5 ||    22
Dodge: Dodged            |    30 |    12 ||    42
